 Dungeon Crawl Stone Soup version 0.30-a0-949-g53dc5368d7 (webtiles) character file.

Game seed: 10840529167048071903

4977 mandoloar the Conjurer (level 10, -4/83 HPs)
             Began as a Demigod Conjurer on Mar 27, 2023.
             Slain by a two-headed ogre
             ... wielding a +0 giant club
              (25 damage)
             ... on level 8 of the Dungeon.
             The game lasted 00:34:09 (12866 turns).

mandoloar the Conjurer (Demigod Conjurer)          Turns: 12866, Time: 00:34:10

Health: -4/83      AC:  8    Str: 10    XL:     10   Next: 8%
Magic:  15/22      EV: 12    Int: 32    God:
Gold:   511        SH:  5    Dex: 12    Spells: 9/20 levels left

rFire   . . .      SeeInvis +    a - +3 dagger (venom)
rCold   . . .      Faith    .    e - +0 buckler "Elefrapsye" {Regen+}
rNeg    . . .      Spirit   .    z - +0 steam dragon scales
rPois   +          Reflect  .    f - +1 helmet
rElec   .          Rampage  .    (no cloak)
rCorr   +                        (no gloves)
Will    ++...                    (no boots)
Stlth   ++                       (no amulet)
HPRegen 1.13/turn                m - ring of see invisible
MPRegen 0.18/turn                v - ring "Teso Uli" {rPois Will+ rCorr Str+2}

@: no status effects
A: high MP 1, forlorn, divine attributes
a: no special abilities


You were on level 8 of the Dungeon.
You visited 2 branches of the dungeon, and saw 10 of its levels.

You collected 511 gold pieces.

Inventory:

Hand Weapons
 a - a +3 dagger of venom (weapon)
Armour
 e - the +0 buckler "Elefrapsye" (worn) {Regen+}
   (You acquired it on level 4 of the Dungeon)

   Regen:     It increases your rate of health regeneration.
 f - a +1 helmet (worn)
 z - +0 steam dragon scales (worn)
 D - a +0 kite shield
Jewellery
 m - a ring of see invisible (left hand)
 v - the ring "Teso Uli" (right hand) {rPois Will+ rCorr Str+2}
   (You found it on level 4 of the Dungeon)

   [ring of willpower]

   Str:       It affects your strength (+2).
   rPois:     It protects you from poison.
   rCorr:     It protects you from acid and corrosion.
   Will:      It increases your willpower.
Wands
 r - a wand of mindburst (17)
 w - a wand of flame (19)
 y - a wand of iceblast (1)
Scrolls
 l - 6 scrolls of teleportation
 n - a scroll of blinking
 q - a scroll of magic mapping
 t - a scroll of vulnerability {unknown}
 x - a scroll of poison
 A - a scroll of enchant armour
 B - 4 scrolls of identify
 C - 2 scrolls of amnesia
Potions
 b - a potion of magic
 c - a potion of invisibility
 d - a potion of haste
 g - a potion of cancellation
 h - 3 potions of heal wounds
 i - 3 potions of brilliance
 j - a potion of might
 k - 2 potions of resistance
 o - a potion of berserk rage {unknown}
 p - a potion of degeneration {unknown}
 s - 3 potions of lignification {unknown}
 u - 2 potions of flight {unknown}


   Skills:
 + Level 5.9 Fighting
 + Level 3.8 Armour
 + Level 4.2 Dodging
 - Level 1.7 Stealth
 + Level 3.8 Shields
 + Level 5.8 Spellcasting
 + Level 7.1 Conjurations
 + Level 3.9 Hexes
 + Level 3.7 Translocations


You had 9 spell levels left.
You knew the following spells:

 Your Spells              Type           Power      Damage    Failure   Level
a - Magic Dart            Conj           100%       1d8       1%          1
b - Searing Ray           Conj           100%       2d8       1%          2
c - Fulminant Prism       Conj/Hex       22%        3d12      6%          4
d - Iskenderun's Mystic   Conj/Tloc      44%        2d10      6%          4

Your spell library contained the following spells:

 Spells                   Type           Power      Damage    Failure   Level
 Kiss of Death            Conj/Necr      100%       2d13      1%          1
 Dazzling Flash           Conj/Hex       88%        N/A       1%          3
 Confusing Touch          Hex            34%        N/A       3%          3
 Beastly Appendage        Tmut           18%        N/A       6%          1
 Wereblood                Tmut           9%         N/A       9%          2
 Summon Guardian Golem    Hex/Summ       21%        N/A       9%          3
 Vhi's Electric Charge    Tloc/Air       42%        N/A       9%          3
 Spider Form              Tmut/Pois      9%         N/A       19%         3
 Arcjolt                  Conj/Air       16%        1d26      36%         5
 Dispel Undead            Necr           9%         3d8       52%         4
 Orb of Destruction       Conj           26%        9d9       95%         7
 Spellforged Servitor     Conj/Summ      16%        N/A       100%        7
 Maxwell's Capacitive Co  Air            4%         ∞         100%        8


Dungeon Overview and Level Annotations

Branches:
Dungeon (9/15)             Temple (1/1) D:5
   Lair: D:8-11         Orc: D:9-12

Annotations:
D:8 1 runed translucent door, Jeffwins's ghost, novice HuWn


Innate Abilities, Weirdness & Mutations

You have an increased reservoir of magic. (+10% MP)
You shall have no god before yourself.
Your divine heritage dramatically boosts your attributes as you level up.


Message History

Magic restored.
You climb downwards.
The two-headed ogre hits you with a +0 giant club!
The two-headed ogre closely misses you.
There is a stone staircase leading up, spattered with blood here.
The two-headed ogre hits you with a +0 giant club!
The two-headed ogre closely misses you.
You climb upwards.
Level annotation: 1 runed translucent door, Jeffwins's ghost, novice HuWn
There is a stone staircase leading down here.
Casting: Iskenderun's Mystic Blast (dangerous; 6% risk of failure)
Confirm with . or Enter, or press ? or * to list all spells.
Aiming: Fulminant Prism (dangerous; 6% risk of failure)
Press: ? - help, Dir - move target You conjure a prism of explosive energy!
A fulminant prism comes into view.
The two-headed ogre attacks as you move away!
The two-headed ogre hits you with a +0 giant club!!
The two-headed ogre completely misses you.
Your fulminant prism crackles loudly.
The two-headed ogre attacks as you move away!
You block the two-headed ogre's attack.
The two-headed ogre hits you with a +0 giant club!
Your fulminant prism explodes!
The blast of energy engulfs the two-headed ogre!!
The two-headed ogre is moderately wounded.
You see here a +0 dagger.
The two-headed ogre attacks as you move away!
The two-headed ogre hits you with a +0 giant club!
* * * LOW HITPOINT WARNING * * *
The two-headed ogre barely misses you.
Items here: )) [[[.
Casting: Fulminant Prism (dangerous; 6% risk of failure)
Confirm with . or Enter, or press ? or * to list all spells.
Aiming: Fulminant Prism (dangerous; 6% risk of failure)
Press: ? - help, Dir - move target You conjure a prism of explosive energy!
A fulminant prism comes into view.
The two-headed ogre hits you with a +0 giant club!!
You die...

#...#.......##......# #.
#...#.#####.##..###.## #.
#...#.#...#.##.......##### #.
##...#.#...........#.>....# #.
.........[.......[.#......# ##.
.............#.[.)........# #..
.....).......#)())........# #.#
##...###....###.#*###.....# #.#
#...##.....)).(@O)...##### #.#
#........#####[####### #.#
#...P.P..# ###.#### ### #.#
##...._..## #[.....# ##.## #.#
.....P.P.# #.#.##.# ##.#.## #.#
####.....#
#.#.##.###.###.####.# # #####.#
#.#.......## ##.....# #
######.####.####.###.###.######
###...........####.# ##.#.##


You could see a two-headed ogre (ally target) and a friendly fulminant prism.

Vanquished Creatures
  Grinder (D:4)
  Sigmund (D:3)
  10 yaks
  A steam dragon (D:7)
  Edmund (D:5)
  2 orc warriors (D:8)
  3 ice beasts
  3 black bears
  2 centaurs
  A phantom (D:4)
  A kobold brigand (D:9)
  Blork the orc (D:5)
  3 bullfrogs
  2 gnoll sergeants (D:8)
  3 scorpions
  3 wights (D:6)
  3 killer bees (D:7)
  2 howler monkeys
  A lava snake (D:9)
  A crimson imp (D:6)
  3 orc priests
  2 jellies
  A gnoll bouda (D:5)
  2 hounds (D:5)
  Jessica (D:2)
  5 iguanas
  10 orc wizards
  15 gnolls
  4 adders
  2 shadow imps (D:6)
  A white imp (D:6)
  2 worms
  33 orcs
  12 ball pythons
  4 bats
  4 endoplasms
  4 giant cockroaches
  7 hobgoblins
  5 jackals
  A quokka (D:1)
  6 frilled lizards
  11 goblins
  12 kobolds
  4 rats
196 creatures vanquished.

Vanquished Creatures (others)
  47 fulminant prisms
  2 fungi (D:9)
  5 plants (D:9)
54 creatures vanquished.

Grand Total: 250 creatures vanquished

Notes
Turn   | Place    | Note
-------+----------+-------------------------------------------
     0 | D:1      | mandoloar the Demigod Conjurer began the quest for the Orb.
     0 | D:1      | Reached XP level 1. HP: 14/14 MP: 5/5
   266 | D:1      | Reached XP level 2. HP: 22/22 MP: 2/7
   351 | D:1      | Learned a level 2 spell: Searing Ray
   503 | D:1      | Reached skill level 1 in Fighting
  1048 | D:2      | Reached skill level 4 in Conjurations
  1048 | D:2      | Reached XP level 3. HP: 28/28 MP: 0/9
  1395 | D:2      | Noticed Jessica
  1406 | D:2      | Killed Jessica
  1407 | D:2      | Reached XP level 4. HP: 33/36 MP: 6/10
  2320 | D:3      | Learned a level 4 spell: Fulminant Prism
  2411 | D:3      | Reached XP level 5. HP: 39/42 MP: 6/12
  2664 | D:3      | Upgraded the game from 0.30-a0-948-g4fa250aae5 to
                  | 0.30-a0-949-g53dc5368d7
  2990 | D:3      | Noticed Sigmund
  2998 | D:3      | Killed Sigmund
  2999 | D:3      | Reached skill level 5 in Conjurations
  2999 | D:3      | Reached XP level 6. HP: 51/51 MP: 5/14
  3006 | D:3      | Learned a level 4 spell: Iskenderun's Mystic Blast
  3983 | D:4      | Identified the ring "Teso Uli" {rPois Will+ rCorr Str+2}
  4087 | D:4      | Reached XP level 7. HP: 58/58 MP: 10/16
  4168 | D:4      | Identified a scroll of acquirement
  4168 | D:4      | Acquired the +0 buckler "Elefrapsye" {Regen+}
  4547 | D:4      | Noticed Grinder
  4563 | D:4      | Killed Grinder
  4900 | D:5      | Entered Level 5 of the Dungeon
  5138 | D:4      | Reached skill level 6 in Conjurations
  5282 | D:5      | Found a staircase to the Ecumenical Temple.
  5308 | Temple   | Entered the Ecumenical Temple
  5665 | D:5      | Reached skill level 1 in Armour
  5856 | D:5      | Reached skill level 1 in Shields
  5856 | D:5      | Reached skill level 1 in Translocations
  5897 | D:5      | Noticed Blork the orc
  5922 | D:5      | Reached skill level 1 in Hexes
  5922 | D:5      | Reached XP level 8. HP: 67/67 MP: 13/18
  6061 | D:5      | Noticed Edmund
  6071 | D:5      | Killed Edmund
  6107 | D:5      | Killed Blork the orc
  7340 | D:6      | Reached skill level 5 in Fighting
  7445 | D:6      | Reached skill level 5 in Spellcasting
  8885 | D:7      | Noticed a +0 hand axe
  8885 | D:7      | Noticed a +0 dagger
  8912 | D:7      | Reached XP level 9. HP: 43/74 MP: 12/20
 11115 | D:7      | Reached skill level 7 in Conjurations
 12010 | D:8      | Found a runed translucent door.
 12010 | D:8      | Noticed Jeffwins's ghost (novice HuWn)
 12010 | D:8      | Noticed a +0 dagger of chaos
 12366 | D:9      | Reached XP level 10. HP: 83/83 MP: 7/22
 12372 | D:9      | Noticed a two-headed ogre
 12866 | D:8      | Slain by a two-headed ogre

Illustrated notes

Levels and vault maps discovered:
D:1:      psy_arrival_conway, layout_basic, serial_corexii_hall,
          corexii_hall_statues_s, corexii_hall_statues_i
D:2:      layout_loops_ring, hellmonk_ecumenical_altar_arch_garden,
          kennysheep_generic_room_9, uniq_jessica
D:3:      layout_basic, chequers_serial_rivers_room_b, uniq_sigmund
D:4:      layout_cave_pools, uniq_grinder
D:5:      layout_rooms, minmay_temple_entry_sparse_star, uniq_edmund,
          uniq_blork_the_orc
D:6:      black_bear_nest_1, layout_cave_pools,
          grunt_temple_overflow_champion_of_chaos
D:7:      layout_basic, dancing_weapons_uskayaw
D:8:      layout_loops_cross, mainiacjoe_overflow_catwalk, fedhas_altar_1,
          ebering_ghost_xom
D:9:      layout_irregular_city, lemuel_coloured_pillars_altar,
          mainiacjoe_overflow_small_starburst, grunt_lair_entry_orc_guard_hut,
          serial_shops, shop_statue, kennysheep_boxes
Temple:   zaba_magenta_temple

Skill      XL: |  1  2  3  4  5  6  7  8  9 |
---------------+----------------------------+-----
Spellcasting   | 2 3 4 5 |  5.8
Fighting       | 1 2 3 4 5 |  5.9
Conjurations   | 4 5 6 7 |  7.1
Dodging        | 2 3 4 |  4.2
Armour         | 1 2 3 |  3.8
Shields        | 1 2 3 |  3.8
Translocations | 1 2 3 |  3.7
Hexes          | 1 2 3 |  3.9
Stealth        | |  1.7

Action                     |  1- 3 |  4- 6 |  7- 9 | 10-12 || total
---------------------------+-------+-------+-------+-------++-------
  Melee: Dagger            |     1 |       |     4 |       ||     5
   Cast: Magic Dart        |    53 |    73 |    97 |       ||   223
         Searing Ray       |     4 |    18 |    47 |       ||    69
         Fulminant Prism   |       |       |    38 |    10 ||    48
         Iskenderun's Myst |       |       |    20 |     3 ||    23
    Use: Scroll            |       |     2 |    17 |       ||    19
 Armour: Robe              |    10 |     3 |    22 |       ||    35
         Steam dragon scal |       |       |    18 |     4 ||    22
  Dodge: Dodged            |    11 |    11 |    78 |    15 ||   115
  Block: Buckler           |       |       |    28 |     7 ||    35

Table legend: (Time is in decaauts)
 A = Elapsed time spent in this place.
 B = Non-inter-level travel time spent in this place.
 C = Inter-level travel time spent in this place.
 D = Time resting spent in this place.
 E = Time spent auto-exploring this place.
 F = Levels seen in this place.
 G = Mean time per level.
                   A        B        C        D        E       F      G
               +--------+--------+--------+--------+--------+-----+--------+
         Total |  12915 |  12046 |    869 |   5874 |   4323 |  10 | 1291.5 |
       Dungeon |  12842 |  11991 |    851 |   5874 |   4273 |   9 | 1426.9 |
        Temple |     73 |     55 |     18 |      0 |     50 |   1 |   73.0 |
               +--------+--------+--------+--------+--------+-----+--------+

Top non-repeatable levels by time:
     D:7: 2437 daAuts
     D:5: 1786 daAuts
     D:6: 1708 daAuts
     D:8: 1583 daAuts
     D:3: 1566 daAuts
     D:4: 1303 daAuts
     D:1: 1259 daAuts
     D:2: 1029 daAuts
     D:9: 169 daAuts
  Temple: 73 daAuts
